 Dungeon Crawl Stone Soup version 0.32-a0-39-g5c88369fb2 (webtiles) character file.

Game seed: 6701174750080944084

139 Colgate the Cutter (level 5, -2/24 HPs)
             Began as a Vine Stalker Air Elementalist on Feb 5, 2024.
             Slain by an ogre
             ... wielding a +0 giant spiked club
              (6 damage)
             ... on level 4 of the Dungeon.
             The game lasted 00:05:12 (2812 turns).

Colgate the Cutter (Vine Stalker Air Elementalist)  Turns: 2812, Time: 00:05:12

Health: -2/24      AC:  9    Str: 13    XL:     5   Next: 22%
Magic:  0/9        EV:  6    Int: 15    God:
Gold:   124        SH:  0    Dex: 14    Spells: 7/8 levels left

rFire   . . .        i - +0 short sword
rCold   + . .        (no shield)
rNeg    . . .        j - +0 chain mail
rPois   .            (no helmet)
rElec   .            (no cloak)
rCorr   .            g - +0 pair of gloves
SInv    .            (no boots)
Will    .....        (no amulet) Stlth
                     a - ring of protection from cold
HPRegen 1.04/turn    (no ring)
MPRegen 0.11/turn

%: guardian spirit
@: no status effects
A: fangs 2, regeneration 1, magic shield, antimagic bite, no potion heal 2
a: no special abilities


You were on level 4 of the Dungeon.
You visited 1 branch of the dungeon, and saw 4 of its levels.

You collected 124 gold pieces.

Inventory:

Hand Weapons
 i - a +0 short sword (weapon)
Armour
 g - a +0 pair of gloves (worn)
 j - a +0 chain mail (worn)
Jewellery
 a - a ring of protection from cold (left hand)
Scrolls
 d - a scroll of immolation {unknown}
 e - a scroll of noise {unknown}
 f - a scroll of vulnerability {unknown}
 h - a scroll of poison {unknown}
 l - 2 scrolls of torment {unknown}
 m - a scroll of brand weapon {unknown}
 n - a scroll of blinking {unknown}
Potions
 c - a potion of cancellation {unknown}
 k - a potion of curing {unknown}


   Skills:
 + Level 4.3 Short Blades
 - Level 1.5 Dodging
 - Level 2.4 Stealth
 - Level 2.1 Spellcasting
 - Level 1.0 Conjurations
 - Level 3.0 Air Magic


You had 7 spell levels left.
You knew the following spells:

 Your Spells              Type           Power      Damage    Failure   Level
a - Shock                 Conj/Air       28%        1d4       93%         1

Your spell library contained the following spells:

 Spells                   Type           Power      Damage    Failure   Level
 Static Discharge         Conj/Air       14%        3-4/arc   98%         2
 Swiftness                Air            10%        N/A       99%         3
 Airstrike                Air            5%         2d(1-17)  100%        4


Dungeon Overview and Level Annotations

Branches:
Dungeon (4/15)
 Temple: D:4-7

Altars:

Annotations:
D:4 3 runed translucent doors, YordlordTheGreat's ghost, amateur HuCA


Innate Abilities, Weirdness & Mutations

You have extremely sharp teeth.
Your natural rate of healing is unusually fast.
When hurt, damage is shared between your health and your magic reserves.
Your bite disrupts and absorbs the magic of your enemies.
Potions cannot restore your health.


Message History

An ogre is nearby!
No reachable target in view!
An ogre is nearby!
No reachable target in view!
An ogre is nearby!
No reachable target in view!
An ogre is nearby!
No reachable target in view!
An ogre is nearby!
No reachable target in view!
An ogre is nearby!
Found a runed translucent gate.
The ogre shouts!
You hear a shout!
An orc comes into view. It is wielding a +0 flail.
The orc shouts!
An orc comes into view. It is wielding a +0 whip.
An orc comes into view. It is wielding a +0 club.
The orc shouts! x2
There are monsters nearby!
An orc is nearby!
You hit the orc. Your bite misses the orc. The orc hits you but does no damage.
You hit the orc.
You kill the orc!
You closely miss the orc. Your bite misses the orc. You hit the orc.
You bite the orc. You drain its power. The orc barely misses you.
You hit the orc.
You kill the orc!
You hit the ogre but do no damage. You bite the ogre. You drain its power.
The ogre hits you with a +0 giant spiked club!!
Ouch! That really hurt!
You hit the ogre but do no damage. You hit the ogre.
The ogre hits you with a +0 giant spiked club!
* * * LOW HITPOINT WARNING * * *
You hit the ogre. You bite the ogre, but do no damage.
The orc hits you with a +0 whip. Magic courses through your body.
The ogre hits you with a +0 giant spiked club!
You die...

#..............#...#...
+#..............#.........
.......##########.........
.......# #...oO# ####
.......# #.....#.....
.......#.....)#.....#g..($
.......# .....#...?.#s....
.......###...#####..#W....
+##......#...#..@O..#S....
#......+...+...o..#B....
#......#...#......# ....
#......#...#......# +++
#......##............ ..
######.....#####...... .
#.....# ####### #.....#
+.....#


You could see an ogre, a scorpion, a bombardier beetle, YordlordTheGreat's
ghost, an orc, a goblin and a ball python.

Vanquished Creatures
  2 orc wizards
  2 adders (D:3)
  A dart slug (D:3)
  14 orcs
  6 bats
  4 endoplasms
  3 hobgoblins
  4 jackals (D:3)
  3 kobolds (D:2)
  2 quokkas (D:2)
  8 ball pythons
  6 frilled lizards
  3 rats (D:1)
58 creatures vanquished.

Notes
Turn   | Place    | Note
-------+----------+-------------------------------------------
     0 | D:1      | Colgate the Vine Stalker Air Elementalist began the quest
                  | for the Orb.
     0 | D:1      | Reached XP level 1. HP: 9/9 MP: 4/4
   256 | D:1      | Reached skill level 1 in Short Blades
   513 | D:1      | Reached XP level 2. HP: 11/13 MP: 4/6
  1247 | D:2      | Reached skill level 2 in Short Blades
  1253 | D:2      | Found a faded altar of an unknown god.
  1641 | D:3      | Reached XP level 3. HP: 7/16 MP: 5/7
  1918 | D:2      | Reached skill level 3 in Short Blades
  1918 | D:2      | Reached XP level 4. HP: 20/21 MP: 8/8
  2240 | D:3      | Reached skill level 4 in Short Blades
  2240 | D:3      | Reached XP level 5. HP: 24/24 MP: 7/9
  2791 | D:4      | Noticed YordlordTheGreat's ghost (amateur HuCA)
  2792 | D:4      | Found a runed translucent gate.
  2792 | D:4      | Noticed an ogre
  2793 | D:4      | Found a runed translucent gate.
  2793 | D:4      | Found a runed translucent gate.
  2812 | D:4      | Slain by an ogre

Illustrated notes

Levels and vault maps discovered:
D:1:      nagdon_arrival_double_spiral, layout_basic, serial_bayou_pond_d,
          minmay_strange_pillars, nicolae_titane
D:2:      layout_basic, ebering_ecumenical_altar_rust
D:3:      layout_basic
D:4:      layout_gridville, gammafunk_ghost_split, uniq_grinder

Skill      XL: |  1  2  3  4 |
---------------+-------------+-----
Short Blades   | 1 2 3 4 |  4.3
Dodging        | |  1.5
Stealth        | |  2.4
Spellcasting   | |  2.1
Conjurations   | |  1.0
Air Magic      | |  3.0

Action                     |  1- 3 |  4- 6 || total
---------------------------+-------+-------++-------
  Melee: Unarmed           |    77 |       ||    77
         Bite              |    54 |    27 ||    81
         Short sword       |   119 |   125 ||   244
         Punch             |     4 |       ||     4
    Use: Potion            |       |     1 ||     1
   Stab: Sleeping          |     5 |       ||     5
 Armour: Robe              |   104 |       ||   104
         Chain mail        |    30 |   149 ||   179
  Dodge: Dodged            |   135 |    45 ||   180

Table legend: (Time is in decaauts)
 A = Elapsed time spent in this place.
 B = Non-inter-level travel time spent in this place.
 C = Inter-level travel time spent in this place.
 D = Time resting spent in this place.
 E = Time spent auto-exploring this place.
 F = Levels seen in this place.
 G = Mean time per level.
                   A        B        C        D        E       F      G
               +--------+--------+--------+--------+--------+-----+--------+
         Total |   2773 |   2577 |    196 |     45 |   1975 |   4 |  693.2 |
       Dungeon |   2773 |   2577 |    196 |     45 |   1975 |   4 |  693.2 |
               +--------+--------+--------+--------+--------+-----+--------+

Top non-repeatable levels by time:
     D:2: 1004 daAuts
     D:3: 834 daAuts
     D:1: 823 daAuts
     D:4: 111 daAuts
